 Dungeon Crawl Stone Soup version 0.25.0-9-g26727b657a (webtiles) character file.

Game seed: 17465953104355921030

126 Esekla the Ducker (level 5, 0/34 HPs)
             Began as an Octopode Skald on June 19, 2020.
             Succumbed to an adder's poison
             ... on level 3 of the Dungeon.
             The game lasted 00:12:52 (2707 turns).

Esekla the Ducker (Octopode Skald)                  Turns: 2707, Time: 00:12:53

Health: 0/34       AC:  1    Str: 10    XL:     5   Next: 10%
Magic:  2/8        EV: 14    Int: 17    God:
Gold:   84         SH:  0    Dex: 11    Spells: 3/8 levels left

rFire    . . .     SeeInvis .   a - +0 falchion
rCold    . . .     Gourm    .   (no shield)
rNeg     . . .     Faith    .   (helmet restricted)
rPois    .         Spirit   .   n - amulet of magic regeneration
rElec    .         Reflect  .   u - ring of attention (curse)
rCorr    .         Harm     .   (no ring)
MR       .....                  (no ring)
Stlth    +.........             (no ring)
HPRegen  0.11/turn              (no ring)
MPRegen  0.36/turn              (no ring)
                                (no ring)
                                (no ring)

@: lethally poisoned (0 -> -5), infused
A: almost no armour, stealthy swim, amphibious, 8 rings, constrict 8, camouflage
1, gelatinous body 1
a: no special abilities


You were on level 3 of the Dungeon.
You were not hungry.

You visited 1 branch of the dungeon, and saw 3 of its levels.

You collected 84 gold pieces.

Inventory:

Hand Weapons
 a - a +0 falchion (weapon)
 b - a +0 short sword
 g - a +1 spear of flaming
 p - a +0 spear of freezing
Missiles
 r - 17 poisoned darts (quivered)
 y - 6 boomerangs
Jewellery
 n - an amulet of magic regeneration (around mantle)
 u - a cursed ring of attention (left tentacle)
Wands
 m - a wand of iceblast (12)
Scrolls
 e - a scroll of immolation {unknown}
 f - 2 scrolls of noise {unknown}
 h - a scroll of remove curse {unknown}
 i - a scroll of fog {unknown}
 j - a scroll of magic mapping {unknown}
 q - a scroll of blinking {unknown}
 s - a scroll of enchant armour {unknown}
 t - a scroll of teleportation {unknown}
 w - a scroll of enchant weapon {unknown}
Potions
 d - a potion of flight
 l - a potion of magic
 o - a potion of might
 x - a potion of heal wounds
Comestibles
 c - 8 rations
 k - 4 chunks of flesh


   Skills:
 + Level 2.2 Fighting
 * Level 3.4 Long Blades
 * Level 3.4 Dodging
 + Level 0.9 Stealth
 * Level 2.4 Spellcasting
 - Level 3.0 Charms
 * Level 1.3 Translocations


You had 3 spell levels left.
You knew the following spells:

 Your Spells              Type           Power        Failure   Level  Hunger
a - Infusion              Chrm           ##..         5%          1    #......
g - Shroud of Golubria    Chrm/Tloc      #.....       12%         2    ##.....
s - Song of Slaying       Chrm           ##......     9%          2    ##.....

Your spell library contained the following spells:

 Spells                   Type           Power        Failure   Level  Hunger
 Ozocubu's Armour         Chrm/Ice       #.......     30%         3    ###....
 Spectral Weapon          Hex/Chrm       #.......     30%         3    ###....


Dungeon Overview and Level Annotations

Branches:
Dungeon (3/15)

Altars:
Cheibriados
Dithmenos
Makhleb
Ru
Trog
Vehumet


Innate Abilities, Weirdness & Mutations

You cannot wear most types of armour.
You are very stealthy in the water. (Stealth+)
You are amphibious.
You can wear up to eight rings at the same time.
You can use your tentacles to constrict eight enemies at once.
Your skin changes colour to match your surroundings (Stealth+).
Your rubbery body absorbs attacks. (AC +1, EV +1)


Message History

You constrict the orc priest.
You kill the orc priest!
You have reached level 5!
You feel clever.
The orc priest miscasts a cantrip.
The orc hits you with a +0 dagger.
* * * LOW HITPOINT WARNING * * *
The adder misses you. The orc closely misses you.
You closely miss the adder. You grab the adder. You constrict the adder.
The adder closely misses you. The orc misses you. x2; You riposte.
You hit the orc. You grab the orc.
The orc is heavily wounded.
The adder bites you.
* * * LOW HITPOINT WARNING * * *
You are lethally poisoned!
The adder poisons you!
You slash the adder! You squeeze the adder.
You kill the adder!
You constrict the orc, but do no damage.
You die...

.÷....##################.##
#.. ......#
...............# ##.
......# # ...............#
#. ......#
#................# ##
####### ................# #
#...#..........# # ##.
##.........# #
..#...#o.........# #
...._o)@o........# #
..#.?.#...?......#######
##. ##...........w.... #.
............).... ..
...............†.. ..
###............... .
...............
.......#.......
....(..#.......


You could see an orc priest and 2 orcs.

Vanquished Creatures
  An orc priest (D:3)
  3 adders
  An ooze (D:3)
  A worm (D:3)
  A dart slug (D:2)
  4 leopard geckos
  8 orcs (D:3)
  A ball python (D:3)
  4 bats
  5 giant cockroaches
  3 goblins
  4 hobgoblins
  2 frilled lizards
  4 kobolds
  9 rats
51 creatures vanquished.

Notes
Turn   | Place    | Note
-------+----------+-------------------------------------------
     0 | D:1      | Esekla the Octopode Skald began the quest for the Orb.
     0 | D:1      | Reached XP level 1. HP: 14/14 MP: 3/3
   466 | D:1      | Reached XP level 2. HP: 19/19 MP: 5/5
   473 | D:1      | Learned a level 2 spell: Shroud of Golubria
   476 | D:1      | Learned a level 2 spell: Song of Slaying
  1182 | D:2      | Reached XP level 3. HP: 17/24 MP: 6/6
  1696 | D:2      | Reached skill level 1 in Translocations
  1992 | D:3      | Reached XP level 4. HP: 14/29 MP: 7/7
  2168 | D:3      | Found a bloodstained altar of Trog.
  2279 | D:3      | Found a snail-covered altar of Cheibriados.
  2557 | D:3      | Found a sacrificial altar of Ru.
  2560 | D:3      | Found a shadowy altar of Dithmenos.
  2561 | D:3      | Found a burning altar of Makhleb.
  2697 | D:3      | Found a radiant altar of Vehumet.
  2705 | D:3      | Reached XP level 5. HP: 10/34 MP: 3/8
  2706 | D:3      | HP: 1/34 [adder (4)]
  2707 | D:3      | Succumbed to an adder's poison

Illustrated notes

Levels and vault maps discovered:
D:1:      minmay_arrival_glassed_features, layout_basic
D:2:      layout_basic, first_ration, kennysheep_generic_room_9
D:3:      layout_basic, cheibriados_altar_1, bloody_trog, vehumet_crystals,
          gammafunk_temple_overflow_forgotten

Skill      XL: |  1  2  3  4 |
---------------+-------------+-----
Dodging        | 3 |  3.4
Translocations | 1 |  1.3
Long Blades    | 3 |  3.4
Fighting       | |  2.2
Stealth        | |  0.9
Spellcasting   | |  2.4
Charms         | |  3.0

Action                   |  1- 3 |  4- 6 || total
-------------------------+-------+-------++-------
Melee: Falchion          |    60 |    39 ||    99
       Constrict         |    21 |    16 ||    37
       Tentacles         |     9 |     7 ||    16
Throw: Dart              |       |     1 ||     1
 Cast: Shroud of Golubri |     2 |     4 ||     6
       Song of Slaying   |     1 |     1 ||     2
       Infusion          |       |     2 ||     2
  Use: Scroll            |     2 |     2 ||     4
       Potion            |     1 |       ||     1
 Stab: Sleeping          |     2 |     2 ||     4
  Eat: Chunk             |     3 |     3 ||     6
Armor: Skin              |     1 |     2 ||     3
Dodge: Dodged            |    42 |    27 ||    69
       Rpst.: Falchion   |    14 |     5 ||    19
